 Dungeon Crawl Stone Soup version 0.21.1-1-g345015fe64 (webtiles) character file.

21 GoroGoro the Shield-Bearer (level 2, 26/26 HPs)
             Began as a Gnoll Wanderer on May 28, 2018.
             Got out of the dungeon alive.
             The game lasted 00:06:43 (857 turns).

GoroGoro the Shield-Bearer (Gnoll Wanderer)          Turns: 857, Time: 00:06:44

Health: 26/26      AC:  7    Str: 12    XL:     2   Next: 87%
Magic:  5/5        EV:  8    Int: 14    God:
Gold:   65         SH:  0    Dex: 14    Spells: 5/6 levels left

rFire    . . .     SeeInvis .   c - +0 falchion
rCold    . . .     Gourm    .   (no shield)
rNeg     . . .     Faith    .   e - +0 scale mail
rPois    +         Spirit   .   b - +0 helmet
rElec    .         Reflect  .   (no cloak)
rCorr    .         Harm     .   (no gloves)
MR       .....                  (no boots)
Stlth    ..........             (no amulet)
HPRegen  0.08/turn              (no ring)
MPRegen  0.09/turn              (no ring)

@: no status effects
A: distributed training, fangs 2, dopey 1, poison resistance, strong nose
a: no special abilities


You escaped.
You were not hungry.

You visited 1 branch of the dungeon, and saw 1 of its levels.

You collected 65 gold pieces.

Inventory:

Hand Weapons
 c - a +0 falchion (weapon)
Missiles
 j - 7 javelins (quivered)
Armour
 b - a +0 helmet (worn)
 d - a +0 robe
 e - a +0 scale mail (worn)
Scrolls
 i - a scroll of enchant armour {unknown}
Potions
 g - a potion of curing {unknown}
 h - a potion of heal wounds {unknown}
Books
 a - a book of Minor Magic

   Spells                             Type                      Level
   a - Magic Dart                     Conjuration                  1
   b - Blink                          Translocation                2
   c - Call Imp                       Summoning                    2
   d - Slow                           Hexes                        2
   e - Conjure Flame                  Conjuration/Fire             3
   f - Mephitic Cloud                 Conjuration/Poison/Air       3
Comestibles
 f - 4 rations


   Skills:
 + Level 4.5 Fighting
 + Level 0.5 Short Blades
 + Level 2.5 Long Blades
 + Level 0.5 Axes
 + Level 0.5 Maces & Flails
 + Level 0.5 Polearms
 + Level 0.5 Staves
 + Level 0.5 Slings
 + Level 0.5 Bows
 + Level 0.5 Crossbows
 + Level 0.5 Throwing
 + Level 0.5 Armour
 + Level 0.5 Dodging
 + Level 0.5 Stealth
 + Level 4.5 Shields
 + Level 0.5 Unarmed Combat
 + Level 2.7 Spellcasting
 + Level 0.3 Conjurations
 + Level 0.3 Hexes
 + Level 0.3 Charms
 + Level 3.7 Summonings
 + Level 0.3 Necromancy
 + Level 0.3 Translocations
 + Level 0.3 Transmutations
 + Level 0.3 Fire Magic
 + Level 0.3 Ice Magic
 + Level 0.3 Air Magic
 + Level 3.7 Earth Magic
 + Level 0.3 Poison Magic
 + Level 0.6 Invocations
 + Level 0.5 Evocations


You had 5 spell levels left.
You knew the following spells:

 Your Spells              Type           Power        Failure   Level  Hunger
a - Magic Dart            Conj           #...         71%         1    #......


Dungeon Overview and Level Annotations

Branches:
Dungeon (1/15)

Altars:


Innate Abilities, Weirdness & Mutations

Your experience applies equally to all skills.
You have extremely sharp teeth.
Your uncanny sense of smell can sniff out nearby items.
You are dopey. (Int -2)
Your system is resistant to poisons. (rPois)


Message History

The magic dart hits the bat.
You kill the bat!
You see here 7 javelins.
j - 7 javelins
Found 15 gold pieces.
Found a stone staircase leading down.
Found a spear.
Found a stone staircase leading down.
You now have 65 gold pieces (gained 15).
Your magical contamination has completely faded away.
HP restored.
You see here a giant cockroach corpse.
You enter a teleport trap!
The teleport trap disappears.
Your surroundings suddenly seem different.
Done exploring.
Done exploring.
You see here a kobold skeleton.
There is a staircase leading out of the dungeon here.
Are you sure you want to leave the Dungeon?
This will make you lose the game!
You have escaped!

#..............###.........#
..)...........## ##.......##
..##..........# #.......#
...#..........## ##.......#
.).............###........#
.#..........(.............#
.....#...###(........###..#
........## ##.......## ##.#
........# #...@...# #.##
..##....## ##.......## ##..#
..###....###.........###...#
..###......................#
...##..........###.........#
...##.........## ##........#
..>...........# #........#
.............รท## ##........#
...##..........###.........####


There were no monsters in sight!

Vanquished Creatures
  A dart slug (D:1)
  5 bats (D:1)
  A giant cockroach (D:1)
  2 goblins (D:1)
  A hobgoblin (D:1)
  3 kobolds (D:1)
  4 frilled lizards (D:1)
  3 rats (D:1)
20 creatures vanquished.

Notes
Turn   | Place    | Note
-------+----------+-------------------------------------------
     0 | D:1      | GoroGoro the Gnoll Wanderer began the quest for the Orb.
     0 | D:1      | GoroGoro set off with: a book of Minor Magic, a scroll of teleportation, a +0 falchion, a +0 robe, a ration
     0 | D:1      | Reached XP level 1. HP: 20/20 MP: 4/4
     3 | D:1      | Learned a level 1 spell: Magic Dart
    76 | D:1      | Reached XP level 2. HP: 9/26 MP: 0/5
   566 | D:1      | Gained mutation: You have extremely sharp teeth. [potion of mutation]
   566 | D:1      | Gained mutation: You are dopey. (Int -2) [potion of mutation]
   566 | D:1      | Gained mutation: Your system is resistant to poisons. (rPois) [potion of mutation]
   857 | D:$      | Got out of the dungeon alive.

Action                   || total
-------------------------++-------
Melee: Falchion          ||    75
       Bite              ||    12
 Cast: Magic Dart        ||    12
  Use: Scroll            ||     3
       Potion            ||     1
Armor: Robe              ||    14
       Scale mail        ||    12
Dodge: Dodged            ||    40
       Rpst.: Falchion   ||    16
